 Dungeon Crawl Stone Soup version 0.20.0-10-g0535bb4 (webtiles) character file.

5067 raph the Frost Mage (level 10, -5/77 HPs)
             Began as a Merfolk Ice Elementalist on June 3, 2017.
             Was a Believer of Kikubaaqudgha.
             Slain by a cyan ugly thing (13 damage)
             ... on level 9 of the Dungeon.
             The game lasted 00:25:30 (8403 turns).

raph the Frost Mage (Merfolk Ice Elementalist)      Turns: 8403, Time: 00:25:30

Health: -5/77      AC: 17    Str:  9    XL:     10   Next: 56%
Magic:  13/18      EV: 16    Int: 17    God:    Kikubaaqudgha [**....]
Gold:   536        SH:  0    Dex: 18    Spells: 1/19 levels left

rFire    . . .     SeeInvis .   C - +2 trident (venom)
rCold    . . .     Gourm    .   (no shield)
rNeg     . . .     Faith    .   J - +0 leather armour {rPois}
rPois    +         Spirit   .   u - +0 helmet
rElec    .         Reflect  .   K - +1 cloak
rCorr    .         Harm     .   z - +2 pair of gloves
MR       .....                  r - +1 pair of boots
Stlth    ++........             (no amulet)
Regen    0.3/turn               h - +3 ring of dexterity
MPRegen  0.2/turn               F - ring of wizardry

@: icy armour, slow
A: change form in water, swift swim, stealthy swim
a: Receive Corpses, Renounce Religion


You were on level 9 of the Dungeon.
You worshipped Kikubaaqudgha.
Kikubaaqudgha was pleased with you.
You were not hungry.

You visited 2 branches of the dungeon, and saw 10 of its levels.
You also visited: Sewer.

You collected 536 gold pieces.

Inventory:

Hand Weapons
 l - a +2 trident of venom
 C - a +2 trident of venom (weapon)
Missiles
 f - 4 javelins
 g - 10 tomahawks (quivered)
Armour
 r - a +1 pair of boots (worn)
 u - a +0 helmet (worn)
 z - a +2 pair of gloves (worn)
 J - a +0 leather armour of poison resistance (worn)
 K - a +1 cloak (worn)
Jewellery
 e - an uncursed ring of poison resistance
 h - a +3 ring of dexterity (left hand)
 m - an uncursed ring of magical power
 F - a ring of wizardry (right hand)
Wands
 o - a wand of confusion (20/48)
 D - a wand of clouds (8/9)
 I - a wand of polymorph (8/24)
Scrolls
 k - 2 scrolls of amnesia
 q - a scroll of teleportation
 t - a scroll of fear
 y - 3 scrolls of remove curse
 H - 3 scrolls of fog
Potions
 i - 2 potions of heal wounds
 n - a potion of haste
 p - 9 potions of curing
 s - a potion of flight
 v - a potion of brilliance {unknown}
 w - a potion of magic {unknown}
 x - a potion of degeneration {unknown}
 A - a potion of berserk rage {unknown}
 E - a potion of agility {unknown}
Books
 a - Kikubaaqudgha's Papyrus of Dark Arts
   (Kikubaaqudgha gifted it to you on level 6 of the Dungeon)

   Spells                             Type                      Level
   a - Animate Skeleton               Necromancy                   1
   b - Corpse Rot                     Necromancy                   2
   c - Sublimation of Blood           Necromancy                   2
   d - Vampiric Draining              Necromancy                   3
   e - Control Undead                 Necromancy                   4
 b - a book of Frost

   Spells                             Type                      Level
   a - Freeze                         Ice                          1
   b - Throw Frost                    Conjuration/Ice              2
   c - Ozocubu's Armour               Charms/Ice                   3
   d - Throw Icicle                   Conjuration/Ice              4
   e - Summon Ice Beast               Ice/Summoning                4
 j - a book of Callings

   Spells                             Type                      Level
   a - Summon Small Mammal            Summoning                    1
   b - Call Imp                       Summoning                    2
   c - Call Canine Familiar           Summoning                    3
   d - Summon Guardian Golem          Hexes/Summoning              3
   e - Summon Lightning Spire         Summoning/Air                4
   f - Summon Ice Beast               Ice/Summoning                4
 G - a book of Air

   Spells                             Type                      Level
   a - Shock                          Conjuration/Air              1
   b - Swiftness                      Charms/Air                   2
   c - Static Discharge               Conjuration/Air              3
   d - Airstrike                      Air                          4
   e - Lightning Bolt                 Conjuration/Air              5
Comestibles
 c - 9 bread rations
 B - 3 royal jellies


   Skills:
 + Level 6.9 Fighting
 * Level 9.6 Polearms
 + Level 7.1 Dodging
 - Level 3.6 Stealth
 + Level 5.3 Spellcasting
 + Level 5.0 Conjurations
 - Level 1.0 Charms
 + Level 4.2 Necromancy
 + Level 10.3 Ice Magic


You had one spell level left.
You knew the following spells:

 Your Spells              Type           Power        Failure   Level  Hunger
a - Freeze                Ice            ####         1%          1    None
b - Throw Frost           Conj/Ice       ####..       1%          2    #......
c - Ozocubu's Armour      Chrm/Ice       ###.....     2%          3    ##.....
d - Throw Icicle          Conj/Ice       ####....     3%          4    ####...
e - Swiftness             Chrm/Air       #.......     10%         2    #......
f - Animate Skeleton      Necr           N/A          1%          1    None
g - Vampiric Draining     Necr           ###.......   4%          3    ##.....
h - Sublimation of Blood  Necr           ###.......   2%          2    #......


Dungeon Overview and Level Annotations

Branches:
Dungeon (9/15)             Temple (1/1) D:4
   Lair: D:8-11         Orc: D:9-12

Altars:
Ashenzari
Cheibriados
Elyvilon
Fedhas
Gozag
Hepliaklqana
Kikubaaqudgha
Makhleb
Nemelex Xobeh
Qazlal
Ru
Sif Muna
Trog
Uskayaw
Vehumet
Xom
Yredelemnul
Zin
The Shining One

Annotations:
D:3 Hasart's ghost, weakling FeTm
D:6 2 transporters
D:8 newuser's ghost, novice OgEE


Message History

The cyan ugly thing is lightly wounded.
The cyan ugly thing misses you.
You puncture the cyan ugly thing!
The cyan ugly thing is lightly wounded.
The cyan ugly thing trunk-slaps you. The cyan ugly thing shocks you!
You barely miss the cyan ugly thing.
The cyan ugly thing is lightly wounded.
The cyan ugly thing trunk-slaps you. The cyan ugly thing shocks you!
* * * LOW HITPOINT WARNING * * *
Casting: Ozocubu's Armour
Confirm with . or Enter, or press ? or * to list all spells.
Aiming: Vampiric Draining
Press: ? - help, Shift-Dir - straight line, f - cyan ugly thing
Aim: a cyan ugly thing (moderately wounded, poisoned)
The cyan ugly thing is moderately wounded.
You feel life coursing into your body. The cyan ugly thing trunk-slaps you!
* * * LOW HITPOINT WARNING * * *
The cyan ugly thing shocks you!
You die...
Kikubaaqudgha rasps: "You have failed me!
Welcome... death!"

....... ..... ..... ...
... #.# #.# #u# #@# #
#.# # . #.# #.#.######
#.# ##.#.#.#.#. #.#
#.#.#.#.#.#
#.####.#######.#.#.#.#.
#.............#.#.#.#.#
#.######.#####.#.#.#)#.
#.# #.#.#.#.#)#


You could see a cyan ugly thing.

Vanquished Creatures
  A two-headed ogre (D:8)
  Maurice (D:8)
  A hippogriff (D:8)
  Eustachio (D:5)
  Menkaure (D:5)
  2 eyes of draining (D:8)
  2 orc warriors
  2 ice beasts (D:6)
  2 ogres
  5 centaurs
  Blork the orc (D:5)
  A bullfrog (D:8)
  A scorpion (D:5)
  6 killer bees (D:8)
  A howler monkey (D:6)
  4 hounds
  5 jellies
  3 crimson imps
  A bullfrog skeleton (D:5)
  An orc priest (D:6)
  3 orc wizards
  2 centaur skeletons (D:6)
  An iguana (D:4)
  4 worker ants
  A killer bee zombie (D:6)
  A hound zombie (D:7)
  A hound skeleton (D:6)
  4 gnolls
  A river rat (D:3)
  11 adders
  A shadow imp (D:7)
  4 adder skeletons
  A worm (D:6)
  4 dart slugs
  A leopard gecko (D:8)
  21 orcs
  2 ball pythons
  2 bats
  5 giant cockroaches
  5 hobgoblins
  6 jackals
  A quokka (D:3)
  12 frilled lizards
  4 goblins (D:1)
  5 kobolds
  9 rats
154 creatures vanquished.

Vanquished Creatures (collateral kills)
  A howler monkey zombie (D:8)
1 creature vanquished.

Grand Total: 155 creatures vanquished

Notes
Turn   | Place    | Note
-------+----------+-------------------------------------------
     0 | D:1      | raph the Merfolk Ice Elementalist began the quest for the Orb.
     0 | D:1      | Reached XP level 1. HP: 13/13 MP: 3/3
   301 | D:1      | Reached XP level 2. HP: 14/19 MP: 0/5
   671 | D:1      | Reached XP level 3. HP: 24/24 MP: 3/6
   697 | D:1      | Learned a level 2 spell: Throw Frost
   701 | D:1      | Learned a level 3 spell: Ozocubu's Armour
  1608 | D:2      | Found a blossoming altar of Fedhas.
  1840 | D:2      | Reached skill level 4 in Ice Magic
  1840 | D:2      | Reached XP level 4. HP: 30/30 MP: 3/7
  2310 | D:3      | Found a glowing drain.
  2355 | D:3      | Reached skill level 1 in Polearms
  2358 | D:3      | Reached XP level 5. HP: 21/36 MP: 1/9
  2486 | Sewer    | Entered a sewer
  3062 | D:3      | Noticed Hasart's ghost (weakling FeTm)
  3518 | D:4      | Reached skill level 1 in Fighting
  3527 | D:4      | Reached skill level 1 in Charms
  3527 | D:4      | Reached skill level 5 in Ice Magic
  3527 | D:4      | Reached XP level 6. HP: 36/43 MP: 3/10
  3817 | D:4      | Found a staircase to the Ecumenical Temple.
  3834 | Temple   | Entered the Ecumenical Temple
  4043 | Temple   | Became a worshipper of Kikubaaqudgha
  4073 | D:4      | Learned a level 4 spell: Throw Icicle
  4270 | D:5      | Entered Level 5 of the Dungeon
  4273 | D:5      | Reached skill level 1 in Conjurations
  4357 | D:5      | Reached XP level 7. HP: 50/50 MP: 8/11
  4459 | D:5      | Reached skill level 5 in Dodging
  4479 | D:5      | Noticed Menkaure
  4536 | D:5      | Noticed Blork the orc
  4547 | D:5      | Killed Blork the orc
  4547 | D:5      | Reached skill level 6 in Ice Magic
  4549 | D:5      | Killed Menkaure
  4677 | D:5      | Noticed Eustachio
  4700 | D:5      | Killed Eustachio
  4700 | D:5      | Reached XP level 8. HP: 40/58 MP: 12/12
  4711 | D:5      | Learned a level 2 spell: Swiftness
  4822 | D:5      | Found a stormy altar of Qazlal.
  4936 | D:6      | Found a deep blue altar of Sif Muna.
  5009 | D:6      | Reached skill level 7 in Ice Magic
  5099 | D:6      | Reached skill level 5 in Spellcasting
  5099 | D:6      | Reached skill level 9 in Ice Magic
  5099 | D:6      | Reached XP level 9. HP: 63/69 MP: 12/16
  5409 | D:6      | Reached skill level 10 in Ice Magic
  5416 | D:6      | Reached * piety under Kikubaaqudgha
  5416 | D:6      | Identified Kikubaaqudgha's Papyrus of Dark Arts (Kikubaaqudgha gifted it to you on level 6 of the Dungeon)
  5416 | D:6      | Received a gift from Kikubaaqudgha
  5439 | D:6      | Learned a level 1 spell: Animate Skeleton
  5443 | D:6      | Learned a level 3 spell: Vampiric Draining
  5446 | D:6      | Learned a level 2 spell: Sublimation of Blood
  5625 | D:6      | Found a transporter.
  5627 | D:6      | Noticed a two-headed ogre
  5631 | D:6      | Noticed a red ugly thing
  5642 | D:6      | Found a shimmering altar of Xom.
  5652 | D:6      | Noticed a cyclops
  5653 | D:6      | Found a transporter.
  6781 | D:8      | Noticed Maurice
  6878 | D:8      | Killed Maurice
  6878 | D:8      | Reached XP level 10. HP: 58/77 MP: 15/17
  7014 | D:8      | Noticed newuser's ghost (novice OgEE)
  7508 | D:8      | Reached skill level 5 in Conjurations
  7544 | D:8      | Noticed a two-headed ogre
  7560 | D:8      | Killed a two-headed ogre
  7560 | D:8      | Reached ** piety under Kikubaaqudgha
  8040 | D:8      | Found a bloodstained altar of Trog.
  8392 | D:9      | Noticed a cyan ugly thing
  8403 | D:9      | Slain by a cyan ugly thing

Skill      XL: |  1  2  3  4  5  6  7  8  9 10 |
---------------+-------------------------------+-----
Dodging        | 3 4 5 6 7 |  7.1
Stealth        | 3 |  3.6
Ice Magic      | 4 5 6 9 10 | 10.3
Polearms       | 1 2 4 8 9 |  9.6
Fighting       | 1 2 3 6 |  6.9
Charms         | 1 |  1.0
Conjurations   | 1 2 4 5 |  5.0
Spellcasting   | 5 |  5.3
Necromancy     | 3 4 |  4.2

Action                   |  1- 3 |  4- 6 |  7- 9 | 10-12 || total
-------------------------+-------+-------+-------+-------++-------
Melee: Dagger            |    10 |       |       |       ||    10
       Trident           |     4 |   116 |   235 |   115 ||   470
       Unarmed           |       |       |     3 |       ||     3
 Cast: Freeze            |    32 |    11 |     4 |     1 ||    48
       Throw Frost       |     7 |    16 |     4 |     1 ||    28
       Ozocubu's Armour  |       |     3 |    18 |     8 ||    29
       Throw Icicle      |       |       |     3 |       ||     3
       Vampiric Draining |       |       |       |     8 ||     8
       Animate Skeleton  |       |       |       |     4 ||     4
       Swiftness         |       |       |       |     1 ||     1
  Use: Scroll            |     4 |     8 |     6 |     2 ||    20
       Potion            |       |       |     1 |     1 ||     2
 Stab: Sleeping          |     2 |     6 |     4 |     1 ||    13
  Eat: Chunk             |     4 |     9 |     9 |       ||    22
       Fruit             |       |       |     2 |     1 ||     3
       Meat ration       |       |       |       |     1 ||     1
Armor: Robe              |     6 |    13 |       |       ||    19
       Leather armour    |       |    18 |    62 |    29 ||   109
Dodge: Dodged            |    15 |    76 |   180 |    87 ||   358
